AoeStats
← Apeiron

Baltic

510760439Analyzed
2v2 RM · 17h ago on Oct 2, 2026· 37m 55s· 4 players
Game mode
Random Map
Map size
Medium (4 player)
Population
200
Speed
Normal
Resources
Standard
Victory
Conquest
Starting age
Dark Age
Ending age
Imperial Age
RankedLock teamsTeams togetherTeam positionsShared explorationLock speedFull tech treeHidden civsTurbo modeCheats
Victory
Defeat
🇹🇷 Vikings · Türkiye
997
+17
996
+17
🇬🇧 Ethiopians · United Kingdom
1048
-18
🇮🇹 Shu · Italy
1002
-16
Apeiron
12:17 Feudal Age
15:26 Man-at-Arms
22:12 Castle Age
20:55 Forging
22:12 Scale Mail Armor
22:07 Double-Bit Axe
22:04 Horse Collar
23:15 Long Swordsman
24:23 Loom
27:11 Iron Casting
26:52 Chain Mail Armor
27:14 Bow Saw
26:55 Gold Mining
27:08 Heavy Plow
32:04 Scale Barding Armor
34:59 Imperial Age
34:43 Chain Barding Armor
word.exe ömer EasySkins com
12:10 Feudal Age
12:18 Feudal Age
18:25 Castle Age
17:12 Double-Bit Axe
17:55 Horse Collar
18:44 Loom
20:41 Bow Saw
21:41 Heavy Plow
26:38 Fletching
26:49 Padded Archer Armor
27:28 Ballistics
31:08 Imperial Age
30:56 Forging
31:01 Bodkin Arrow
31:21 Leather Archer Armor
33:57 Two-Man Saw
33:47 Wheelbarrow
36:34 Elite Conquistador
37:26 Forging
37:19 Bracer
37:50 Ring Archer Armor
38:34 Hand Cart
Mithranqueer
5:22 Loom
14:31 Feudal Age
16:37 Fishing Lines
16:55 Double-Bit Axe
19:40 Castle Age
19:14 Wheelbarrow
19:11 Horse Collar
21:04 Gillnets
21:44 Gold Mining
22:05 Heavy Plow
23:45 Hand Cart
25:03 Scale Mail Armor
25:14 Forging
28:10 Imperial Age
25:26 Town Watch
28:45 Chain Mail Armor
29:30 Iron Casting
32:39 Bow Saw
34:01 Chemistry
34:12 Plate Mail Armor
34:42 Blast Furnace
34:52 Royal Heirs
Maurizio il Brocco
6:03 Loom
8:42 Feudal Age
13:58 Fletching
19:54 Double-Bit Axe
25:44 Castle Age
23:39 Gold Mining
24:12 Padded Archer Armor
26:40 Thumb Ring
25:59 Crossbowman
28:00 Bodkin Arrow
28:48 Gold Shaft Mining
29:08 Bow Saw
30:23 Leather Archer Armor
30:19 Horse Collar
36:02 Wheelbarrow
35:13 Town Watch
37:55 Ballistics
38:39 Hand Cart
Connection lost

Rejoining the realm…

Still unreachable

The connection could not be restored.

Session expired

The server has moved on; the page needs a fresh start.